Map: Babylon LE

Players

winzboy - Winner!

  • Race: Protoss Protoss
  • League: Gold
  • Spawn Location: 5:00

caaczh

  • Race: Terran Terran
  • League: Silver
  • Spawn Location: 11:00

VOD

Have the link to the VOD?

Description

Time

  • Played on: May 26, 2023, 11:41 p.m.
  • Length: 4:59
Show
View Real Time Build Order
Export as new Build Order

winzboy Protoss - Winner!

Build Orders: 1 Gate Expand 

Get SALT Encoding   

  12  0:01  Probe  
  13  0:13  Probe  
  14  0:20  Pylon  
  14  0:25  Probe  
  15  0:40  Probe  
  16  0:44  Gateway  
  16  0:50  Assimilator  
  16  0:52  Probe (Chrono Boost)  
  17  1:07  Probe (Chrono Boost)  
  18  1:19  Probe  
  19  1:37  Cybernetics Core  
  19  1:43  Nexus  
  19  1:54  Pylon  
  19  1:55  Probe  
  20  2:07  Probe  
  21  2:15  Warp Gate (Chrono Boost)  
  21  2:19  Probe  
  21  2:22  Gateway  
  22  2:31  Probe  
  22  2:32  Adept (Chrono Boost)  
  25  2:43  Probe  
  26  2:44  Assimilator  
  26  2:53  Pylon  
  26  2:55  Probe  
  27  3:01  Robotics Facility  
  27  3:03  Probe  
  28  3:07  Probe  
  28  3:11  Adept  
  31  3:15  Probe  
  32  3:22  Probe  
  33  3:27  Probe  
  34  3:34  Probe  
  35  3:44  Gateway  
  35  3:49  Probe x2  
  35  3:52  Pylon  
  35  3:53  Stalker  
  39  4:01  Probe x2  
  41  4:05  Pylon  
  41  4:10  Twilight Council  
  41  4:12  Pylon  
  41  4:13  Probe  
  41  4:15  Sentry  
  44  4:19  Stalker  
  46  4:28  Shield Battery  
  46  4:30  Assimilator  
  46  4:32  Observer  
  47  4:43  Probe x2 (Chrono Boost)  
  49  4:47  Assimilator  
  49  4:52  Stalker x2  
  55  4:53  Probe (Chrono Boost)  
Show
View Real Time Build Order
Export as new Build Order

caaczh Terran 

Build Orders:  

Get SALT Encoding   

  12  0:01  SCV  
  13  0:13  SCV  
  14  0:21  Supply Depot  
  14  0:25  SCV  
  15  0:42  SCV  
  16  0:45  Barracks  
  16  0:54  SCV  
  16  0:55  Refinery  
  17  1:06  SCV  
  18  1:19  SCV  
  19  1:31  SCV  
  20  1:33  Supply Depot  
  20  1:34  Marine  
  21  1:45  SCV  
  22  1:55  Refinery  
  22  2:01  Barracks  
  22  2:04  Marine  
  23  2:14  Command Center  
  23  2:23  Orbital Command  
  23  2:27  Barracks Reactor  
  23  2:48  SCV  
  23  2:49  Barracks Tech Lab  
  24  2:52  Factory  
  24  3:00  SCV  
  25  3:08  Marine x2  
  25  3:10  Combat Shield  
  25  3:12  Marauder, SCV  
  30  3:24  SCV  
  31  3:27  Supply Depot  
  31  3:36  Marauder  
  31  3:37  Orbital Command, SCV  
  34  3:43  Engineering Bay, Factory Tech Lab  
  34  3:49  SCV  
  34  3:53  Starport  
  35  3:56  Supply Depot  
  35  3:57  Marine  
  35  3:58  Marine  
  35  4:01  SCV  
  38  4:13  SCV  
  38  4:14  Missile Turret  
  38  4:16  SCV  
  40  4:20  Supply Depot  
  40  4:22  Siege Tank  
  40  4:24  Marine x2  
  44  4:25  SCV  
  44  4:28  SCV  
  47  4:37  SCV, Refinery  
  48  4:47  SCV  
  48  4:49  Missile Turret  
  48  4:50  Supply Depot  
Tags
 
Matchup
PvT
Replay Pack
Multiplayer
Spawn Locations
Cross Positions
Add a new tag
Caveats
  • Supply blocks, unpowered buildings, or Contaminate may cause inaccurate times.
  • Supply counts are checked every 10 seconds.